 Dungeon Sprint DCSS version 0.29-a0-1033-gb6c65ffae6 (webtiles) character file.

Game seed: 9501997831073758913

1859 mhtbhm the Eclecticist (level 8, -5/41 HPs)
             Began as a Deep Elf Fire Elementalist on Aug 14, 2022.
             Was a Priest of Vehumet.
             Killed from afar by an orc sorcerer (44 damage)
             ... with a bolt of fire
             ... in the Dungeon (Sprint III: "The Ten Rune Challenge").
             The game lasted 00:04:12 (1600 turns).

mhtbhm the Eclecticist (Deep Elf Fire Elementalist) Turns: 1600, Time: 00:04:12

Health: -5/41      AC:  4    Str:  5    XL:     8   Next: 89%
Magic:  19/32      EV: 16    Int: 21    God:    Vehumet [***...]
Gold:   38         SH:  0    Dex: 17    Spells: 24/37 levels left

rFire   . . .      SeeInvis .   l - +0 long sword (holy)
rCold   . . .      Faith    .   (no shield)
rNeg    . . .      Spirit   .   a - +0 robe
rPois   .          Reflect  .   (no helmet)
rElec   .          Harm     .   (no cloak)
rCorr   .          Rampage  .   (no gloves)
Will    .....      Clarity  +   (no boots)
Stlth   +++....... NoTele   +   (no amulet)
HPRegen 0.13/turn               (no ring)
MPRegen 0.23/turn               (no ring)

@: hasted, very quick
A: iridescent scales 1, clarity, high MP 1
a: Renounce Religion


You were in the Dungeon.
You worshipped Vehumet.
Vehumet was most pleased with you.
You visited 1 branch You collected 38 gold pieces.

Inventory:

Hand Weapons
 l - a +0 long sword of holy wrath (weapon)
Armour
 a - a +0 robe (worn)
Scrolls
 g - a scroll of blinking
 h - a scroll of torment
 j - a scroll of poison
 k - a scroll of identify
Potions
 b - 3 potions of magic
 c - 3 potions of curing
 d - 2 potions of heal wounds
 f - 2 potions of berserk rage
 i - 3 potions of mutation
Miscellaneous
 m - a lightning rod (4/4)


   Skills:
 + Level 7.2 Dodging
 + Level 6.0 Stealth
 + Level 15.4 Spellcasting
 + Level 6.6 Conjurations
 + Level 14.7 Fire Magic


You had 24 spell levels left.
You knew the following spells:

 Your Spells              Type           Power      Damage    Failure   Level
a - Foxfire               Conj/Fire      100%       2x1d9     1%          1
b - Scorch                Fire           100%       2d10      0%          2
c - Conjure Flame         Conj/Fire      57%        6-21      1%          3
d - Inner Flame           Hex/Fire       47%        N/A       1%          3
e - Flame Wave            Conj/Fire      57%        2d14      1%          4

Your spell library contained the following spells:

 Spells                   Type           Power      Damage    Failure   Level
 Ignite Poison            Fire/Tmut/Pois 36%        N/A       1%          3
 Animate Dead             Necr           16%        N/A       36%         4
 Haunt                    Necr/Summ      8%         N/A       100%        7
 Infestation              Necr           8%         N/A       100%        8


Dungeon Overview and Level Annotations

Branches:
Dungeon (1/1)

Altars:
Cheibriados
Dithmenos
Elyvilon
Fedhas
Gozag
Hepliaklqana
Kikubaaqudgha
Makhleb
Nemelex Xobeh
Okawaru
Qazlal
Ru
Sif Muna
Trog
Uskayaw
Vehumet
Wu Jian
Xom
Yredelemnul
Zin
The Shining One
Jiyva
Lugonu


Innate Abilities, Weirdness & Mutations

You are partially covered in iridescent scales. (AC +2)
You possess an exceptional clarity of mind.
You have an increased reservoir of magic. (+10% MP)


Message History

You feel your power returning.
The flame wave engulfs the orc sorcerer.
Flame seeps out of the orc sorcerer.
The orc sorcerer is lightly wounded.
You hear a shout!
An orc sorcerer comes into view. It is wielding a +0 dagger.
The orc sorcerer is engulfed in blazing flames.
Flame seeps out of the orc sorcerer.
An orc comes into view. It is wielding a +0 flail.
Unknown command.
You feel yourself speed up.
An orc warrior comes into view. It is wielding a +0 morningstar.
The orc sorcerer completely misses you.
Casting: Flame Wave (safe; 1% risk of failure)
Confirm with . or Enter, or press ? or * to list all spells.
Flames lash the orc warrior.
The orc warrior is lightly wounded.
The orc warrior's fire resistance burns away.
Unknown command.
The orc sorcerer casts a spell.
Casting: Scorch (safe; 0% risk of failure)
Confirm with . or Enter, or press ? or * to list all spells.
Casting: Flame Wave (safe; 1% risk of failure)
Press: ? - help, Dir - look around, f - activate
Okay, then.
Casting: Flame Wave (safe; 1% risk of failure)
Confirm with . or Enter, or press ? or * to list all spells.
Flames lash the orc sorcerer.
Flame seeps out of the orc sorcerer.
The orc sorcerer is almost dead.
The orc sorcerer's fire resistance burns away.
Unknown command.
Casting: Scorch (safe; 0% risk of failure)
Confirm with . or Enter, or press ? or * to list all spells.
You conjure some foxfire!
The orc sorcerer gestures at you while chanting.
The bolt of fire hits your foxfire.
Your foxfire completely resists.
The bolt of fire hits you!!!
Ouch! That really hurt!
You die...

♣♣.#___#___#__#$$####
♣..#...#__)#._#$....
♣..###'#'###)##..o.
♣♣.#..........#ooo
♣♣..'.⌠........#o$
~♣..#...######'#o#
....#.⌠.#__#...#o#####
....#...#__#...#v.4~~+
....#'###__#...#@#~)~#
....#.).#__#...v.#.§.#
....#___#__'...#.#§..#
▓▓▓▓▓▓▓▓▓▓▓▓▓▓▓▓▓▓▓▓▓▓


You could see a rust devil (summoned), 2 orc sorcerers and 3 orc warriors.

Vanquished Creatures
  Erica (D)
  A deep elf pyromancer (D)
  A shadow (D)
  A spatial vortex (D)
  A necrophage (D)
  A scorpion (D)
  A water elemental (D)
  A jelly (D)
  Jessica (D)
  A wizard (D)
  A necromancer (D)
  A kobold demonologist (D)
  3 humans (D)
  An orc (D)
  An endoplasm (D)
  2 rats (D)
19 creatures vanquished.

Vanquished Creatures (others)
  23 foxfires (D)
23 creatures vanquished.

Grand Total: 42 creatures vanquished

Notes
Turn   | Place    | Note
-------+----------+-------------------------------------------
     0 | D        | mhtbhm the Deep Elf Fire Elementalist began the quest for
                  | the Orb.
     0 | D        | Reached XP level 1. HP: 10/10 MP: 6/6
    45 | D        | Noticed Jessica
    49 | D        | Killed Jessica
    50 | D        | Reached skill level 4 in Spellcasting
    50 | D        | Reached XP level 2. HP: 15/15 MP: 3/9
    50 | D        | Reached XP level 3. HP: 19/19 MP: 3/11
   117 | D        | Learned a level 2 spell: Scorch
   121 | D        | Learned a level 3 spell: Conjure Flame
   125 | D        | Learned a level 3 spell: Inner Flame
   146 | D        | Reached skill level 5 in Spellcasting
   210 | D        | Noticed a scorpion
   219 | D        | Killed a scorpion
   220 | D        | Reached skill level 6 in Spellcasting
   220 | D        | Reached XP level 4. HP: 12/24 MP: 5/14
   242 | D        | Gained mutation: You are partially covered in iridescent
                  | scales. (AC +2) [potion of mutation]
   242 | D        | Gained mutation: You possess an exceptional clarity of
                  | mind. [potion of mutation]
   242 | D        | Gained mutation: You have an increased reservoir of magic.
                  | (+10% MP) [potion of mutation]
   404 | D        | Learned a level 4 spell: Flame Wave
   433 | D        | Noticed a water elemental
   441 | D        | Killed a water elemental
   442 | D        | Reached skill level 5 in Dodging
   442 | D        | Reached skill level 7 in Spellcasting
   442 | D        | Reached XP level 5. HP: 12/28 MP: 13/18
   623 | D        | Found a radiant altar of Vehumet.
   624 | D        | Found a shimmering blue altar of Sif Muna.
   624 | D        | Found an ancient bone altar of Kikubaaqudgha.
   627 | D        | Reached skill level 8 in Spellcasting
   684 | D        | Became a worshipper of Vehumet
   699 | D        | Found a basalt altar of Yredelemnul.
   699 | D        | Found a shadowy altar of Dithmenos.
   699 | D        | Found a sacrificial altar of Ru.
   707 | D        | Reached skill level 5 in Stealth
   707 | D        | Reached skill level 9 in Spellcasting
   707 | D        | Reached skill level 10 in Fire Magic
   707 | D        | Reached XP level 6. HP: 15/32 MP: 6/22
   890 | D        | Found a hide-covered altar of Uskayaw.
   890 | D        | Found an iron altar of Okawaru.
   890 | D        | Found a bloodstained altar of Trog.
   890 | D        | Found an ornate altar of the Wu Jian Council.
   890 | D        | Noticed a human
   890 | D        | Noticed a human
   892 | D        | Killed a human
   892 | D        | Reached * piety under Vehumet
   892 | D        | Offered knowledge of Magic Dart by Vehumet.
   893 | D        | Reached skill level 10 in Spellcasting
   895 | D        | Killed a human
   896 | D        | Reached skill level 11 in Spellcasting
   896 | D        | Reached XP level 7. HP: 31/36 MP: 13/25
   961 | D        | Found a glowing silver altar of Zin.
   961 | D        | Found a glowing golden altar of the Shining One.
   961 | D        | Found a white marble altar of Elyvilon.
   961 | D        | Noticed a deep elf pyromancer
   965 | D        | Noticed a fire elemental
   965 | D        | Noticed a fire elemental
   965 | D        | Killed a deep elf pyromancer
   966 | D        | Reached skill level 13 in Spellcasting
   966 | D        | Reached skill level 5 in Conjurations
  1194 | D        | Noticed a shadow
  1196 | D        | Killed a shadow
  1196 | D        | Reached ** piety under Vehumet
  1196 | D        | Offered knowledge of Static Discharge by Vehumet.
  1197 | D        | Reached XP level 8. HP: 41/41 MP: 22/30
  1256 | D        | Found a blossoming altar of Fedhas.
  1256 | D        | Found a stormy altar of Qazlal.
  1256 | D        | Found a snail-covered altar of Cheibriados.
  1256 | D        | Found a burning altar of Makhleb.
  1256 | D        | Found a shimmering altar of Xom.
  1257 | D        | Found a hazy altar of Hepliaklqana.
  1257 | D        | Found an opulent altar of Gozag.
  1257 | D        | Found a sparkling altar of Nemelex Xobeh.
  1257 | D        | Found a corrupted altar of Lugonu.
  1257 | D        | Found a viscous altar of Jiyva.
  1413 | D        | Noticed Erica
  1417 | D        | Killed Erica
  1417 | D        | Offered knowledge of Ignite Poison by Vehumet.
  1418 | D        | Reached skill level 15 in Spellcasting
  1590 | D        | Noticed an orc sorcerer
  1594 | D        | Reached *** piety under Vehumet
  1594 | D        | Noticed an orc sorcerer
  1599 | D        | Noticed a rust devil
  1600 | D        | Killed from afar by an orc sorcerer

Illustrated notes

Levels and vault maps discovered:
D:        dungeon_sprint_mu [sprint_mu_entry_forest, sprint_mu_temple_rooms,
          sprint_mu_d1_horrors, sprint_mu_d2_genie, sprint_mu_d3_branching,
          sprint_mu_orc_legion, sprint_mu_elf_gauntlet, sprint_mu_hive_nellie,
          sprint_mu_lair_fedhas, sprint_mu_vaults_butterflies,
          sprint_mu_slime_circle, sprint_mu_shoals_archi,
          sprint_mu_snake_twists, sprint_mu_blade_basic,
          sprint_mu_crypt_fortress, sprint_mu_tomb_spiral,
          sprint_mu_vestibule_basic, sprint_mu_gehenna_hellfire,
          sprint_mu_dis_giant, sprint_mu_tartarus_statrot,
          sprint_mu_cocytus_islands, sprint_mu_zot1]

Skill      XL: |  1  2  3  4  5  6  7  8 |
---------------+-------------------------+-----
Fire Magic     | 6 8 9 10 11 13 14 | 14.7
Dodging        | 3 4 5 6 7 |  7.2
Stealth        | 3 4 5 6 |  6.0
Spellcasting   | 4 6 7 9 11 13 15 | 15.4
Conjurations   | 2 3 4 5 6 |  6.6

Action                   |  1- 3 |  4- 6 |  7- 9 || total
-------------------------+-------+-------+-------++-------
 Cast: Foxfire           |    16 |     1 |     3 ||    20
       Scorch            |     3 |     9 |     6 ||    18
       Flame Wave        |       |     2 |     9 ||    11
       Inner Flame       |       |       |     2 ||     2
  Use: Potion            |       |     1 |     1 ||     2
       Scroll            |       |       |     2 ||     2
Armor: Robe              |       |     2 |       ||     2
Dodge: Dodged            |     5 |     3 |     2 ||    10

Table legend: (Time is in decaauts)
 A = Elapsed time spent in this place.
 B = Non-inter-level travel time spent in this place.
 C = Inter-level travel time spent in this place.
 D = Time resting spent in this place.
 E = Time spent auto-exploring this place.
 F = Levels seen in this place.
 G = Mean time per level.
                   A        B        C        D        E       F      G
               +--------+--------+--------+--------+--------+-----+--------+
         Total |   1604 |   1604 |      0 |   1280 |      1 |   1 | 1604.0 |
       Dungeon |   1604 |   1604 |      0 |   1280 |      1 |   1 | 1604.0 |
               +--------+--------+--------+--------+--------+-----+--------+

Top non-repeatable levels by time:
       D: 1604 daAuts
